 Dungeon Crawl Stone Soup version 0.30-a0-159-g068b764562 (webtiles) character file.

Game seed: 14296532967765126640

1 ryw the Trooper (level 1, -2/18 HPs)
             Began as a Demonspawn Monk on Sept 27, 2022.
             Slain by a gnoll
             ... wielding a +0 spear
              (7 damage)
             ... on level 1 of the Dungeon.
             The game lasted 00:00:17 (141 turns).

ryw the Trooper (Demonspawn Monk)                    Turns: 141, Time: 00:00:18

Health: -2/18      AC:  3    Str: 11    XL:     1   Next: 16%
Magic:  1/1        EV: 12    Int: 11    God:
Gold:   0          SH:  0    Dex: 15    Spells: 0/0 levels left

rFire   . . .      SeeInvis .      - Unarmed
rCold   . . .      Faith    .    (no shield)
rNeg    . . .      Spirit   .    d - +0 leather armour
rPois   .          Reflect  .    (no helmet)
rElec   .          Harm     .    (no cloak)
rCorr   .          Rampage  .    (no gloves)
Will    .....                    (no boots)
Stlth   ++........               (no amulet)
HPRegen 0.06/turn                (no ring)
MPRegen 0.07/turn                (no ring)

@: no status effects
A: no striking features
a: no special abilities


You were on level 1 of the Dungeon.
You visited 1 branch of the dungeon, and saw 1 of its levels.

Inventory:

Armour
 d - a +0 leather armour (worn)
Potions
 a - a potion of curing {unknown}
 b - a potion of ambrosia
 c - 2 potions of magic {unknown}


   Skills:
 + Level 3.1 Fighting
 - Level 2.6 Dodging
 - Level 1.7 Stealth
 - Level 2.6 Unarmed Combat


You couldn't memorise any spells.
You didn't know any spells.
Your spell library was empty.

Dungeon Overview and Level Annotations

Branches:
Dungeon (1/15)

Altars:


Message History

You kill the kobold!
No target in view!
c - 2 fuming black potions
Found a leather armour.
You see here a +0 leather armour.
d - a +0 leather armour You start removing your armour.
You continue taking off your +0 robe. x4
You finish taking off your +0 robe.
You start putting on your armour.
You continue putting on your +0 leather armour. x5
You finish putting on your +0 leather armour.
You drop a +0 robe.
a - a ruby potion A gnoll comes into view.
It is wielding a +0 spear.
The gnoll shouts!
You hear an angry hiss.
You see here 15 gold pieces.
A frilled lizard comes into view.
The gnoll closely misses you.
The frilled lizard moves out of view.
The gnoll completely misses you.
A frilled lizard comes into view.
You hit the gnoll.
The gnoll is moderately wounded.
The gnoll barely misses you.
A goblin comes into view.
It is wielding a +3 dagger of protection.
You hit the gnoll but do no damage.
The gnoll is moderately wounded.
The gnoll closely misses you.
You hit the gnoll.
The gnoll is heavily wounded.
The gnoll hits you with a +0 spear! The frilled lizard bites you.
You are too injured to fight recklessly!
Unknown command.
The gnoll hits you from afar with a +0 spear.
* * * LOW HITPOINT WARNING * * *
The frilled lizard attacks as you move away!
The frilled lizard barely misses you.
You miss the frilled lizard. You punch the frilled lizard.
You kill the frilled lizard!
The gnoll hits you from afar with a +0 spear!
You die...

##.##.##...##.####.##. #.
#.#............##.
#.##.....###.####.##.
#.#..#...# #.# #..#)
#.#..#...###.# ##..#.
#####............. ...#.
.............###+#####.#.
.......$.................
..#..##.@#...#.....###.##
. #.# #.†#...#.. #.# ...
#gg#...# #.## ... #.l#
..# .#####..# .. #..# ..
)......... ....
.......... ...#.
#....#.... .#..#..
#....#.... .#..# .#
#.........


You could see a gnoll, a goblin and a frilled lizard.

Vanquished Creatures
  A frilled lizard (D:1)
  2 kobolds (D:1)
3 creatures vanquished.

Notes
Turn   | Place    | Note
-------+----------+-------------------------------------------
     0 | D:1      | ryw the Demonspawn Monk began the quest for the Orb.
     0 | D:1      | Reached XP level 1. HP: 18/18 MP: 1/1
   141 | D:1      | Slain by a gnoll

Illustrated notes

Levels and vault maps discovered:
D:1:      dpeg_arrival_more_subterranean_lakeside_camping, layout_basic,
          minmay_misc_feat_secret_circle, serial_park_tiny_pond

Action                   || total
-------------------------++-------
Melee: Unarmed           ||     7
       Punch             ||     1
Dodge: Dodged            ||     6

Table legend: (Time is in decaauts)
 A = Elapsed time spent in this place.
 B = Non-inter-level travel time spent in this place.
 C = Inter-level travel time spent in this place.
 D = Time resting spent in this place.
 E = Time spent auto-exploring this place.
 F = Levels seen in this place.
 G = Mean time per level.
                   A        B        C        D        E       F      G
               +--------+--------+--------+--------+--------+-----+--------+
         Total |    140 |    140 |      0 |      0 |     95 |   1 |  140.0 |
       Dungeon |    140 |    140 |      0 |      0 |     95 |   1 |  140.0 |
               +--------+--------+--------+--------+--------+-----+--------+

Top non-repeatable levels by time:
     D:1: 140 daAuts
